 Dungeon Crawl Stone Soup version 0.27.1-2-g3b301248ec (webtiles) character file.

Game seed: 57622637533280359

80973 fijero the Impaler (level 15, -23/122 HPs)
             Began as a Merfolk Gladiator on Sept 21, 2021.
             Was a Priest of Elyvilon.
             Annihilated by a naga warrior (24 damage)
             ... on level 1 of the Snake Pit on Sept 22, 2021.
             The game lasted 05:22:13 (35557 turns).

fijero the Impaler (Merfolk Gladiator)             Turns: 35557, Time: 05:22:14

Health: -23/122    AC: 19    Str: 25    XL:     15   Next: 68%
Magic:  20/24      EV: 19    Int:  8    God:    Elyvilon [***...]
Gold:   2010       SH:  0    Dex: 17    Spells: 13/14 levels left

rFire    . . .     SeeInvis .   w - +1 halberd (freeze)
rCold    . . .     Faith    .   (shield currently unavailable)
rNeg     + . .     Spirit   .   O - +5 ring mail {rPois}
rPois    +         Reflect  .   l - +2 helmet "Lutemmorikk" {Rampage}
rElec    .         Harm     .   Q - +1 cloak
rCorr    .         Rampage  +   p - +0 pair of gloves
Will     +....                  h - +2 pair of boots
Stlth    +++++.....             y - amulet of the acrobat
HPRegen  0.30/turn              m - ring of positive energy
MPRegen  0.19/turn              o - +6 ring of strength

@: lethally poisoned (-23 -> -26), divinely protected
A: (nimble swimmer 2), mertail
a: Renounce Religion, Lesser Healing, Heal Other, Purification, Divine
Protection


You were on level 1 of the Snake Pit.
You worshipped Elyvilon.
Elyvilon was most pleased with you.
You visited 6 branches of the dungeon, and saw 26 of its levels.
You also visited: Ossuary.

You collected 2358 gold pieces.
You spent 348 gold pieces at shops.

Inventory:

Hand Weapons
 w - a +1 halberd of freezing (weapon)
 H - a +1 war axe of venom
 L - a +0 halberd of venom
 R - a +0 vorpal war axe
 T - a +2 trident of venom
Missiles
 C - 100 poisoned darts
 F - 3 curare-tipped darts
 G - 6 atropa-tipped darts
 I - 27 boomerangs (quivered)
Armour
 a - a +2 buckler of positive energy
 g - a +1 ring mail of cold resistance
 h - a +2 pair of boots (worn)
 l - the +2 helmet "Lutemmorikk" (worn) {Rampage}
   (You found it on level 9 of the Dungeon)

   Rampage:   It bestows one free step when moving towards enemies.
 p - a +0 pair of gloves (worn)
 z - a +2 hat
 O - a +5 ring mail of poison resistance (worn)
 Q - a +1 cloak (worn)
Jewellery
 b - a ring of flight
 e - a +4 ring of protection
 m - a ring of positive energy (left hand)
 n - a ring of protection from fire
 o - a +6 ring of strength (right hand)
 y - an amulet of the acrobat (around neck)
 B - a ring of see invisible
 E - a ring of willpower
Wands
 f - a wand of paralysis (13)
 i - a wand of acid (8)
 J - a wand of charming (6)
 M - a wand of polymorph (9)
 P - a wand of iceblast (4)
 U - a wand of flame (37)
 Z - a wand of mindburst (6)
Scrolls
 c - 2 scrolls of acquirement
 k - 2 scrolls of fog
 q - 5 scrolls of identify
 v - 3 scrolls of teleportation
 A - a scroll of fear
 D - 3 scrolls of magic mapping
 N - a scroll of holy word
 S - 2 scrolls of silence
 V - a scroll of brand weapon
Potions
 d - 3 potions of ambrosia
 j - 11 potions of curing
 r - 2 potions of heal wounds
 s - 4 potions of mutation
 t - 2 potions of might
 u - 5 potions of magic
 x - 2 potions of cancellation
 K - 5 potions of lignification
 W - a potion of resistance
 X - a potion of berserk rage
 Y - 4 potions of brilliance


   Skills:
 + Level 12.5 Fighting
 + Level 8.2(10.4) Axes
 - Level 16.0(17.6) Polearms
 - Level 2.0 Throwing
 - Level 1.0 Armour
 + Level 14.7 Dodging
 + Level 13.0 Stealth
 - Level 13.3 Invocations


You had 13 spell levels left.
You knew the following spells:

 Your Spells              Type           Power      Damage    Failure   Level
a - Freeze                Ice            0%         1d3       54%         1

Your spell library contained the following spells:

 Spells                   Type           Power      Damage    Failure   Level
 Animate Skeleton         Necr           0%         N/A       54%         1
 Apportation              Tloc           0%         N/A       54%         1
 Corona                   Hex            0%         N/A       54%         1
 Sandblast                Erth           0%         2d4       54%         1
 Shock                    Conj/Air       0%         1d3       54%         1
 Summon Small Mammal      Summ           0%         N/A       54%         1
 Blink                    Tloc           N/A        N/A       69%         2
 Passwall                 Tmut/Erth      0%         N/A       69%         2
 Static Discharge         Conj/Air       0%         N/A       69%         2
 Call Canine Familiar     Summ           0%         N/A       89%         3
 Frozen Ramparts          Ice            0%         1d2       89%         3
 Portal Projectile        Hex/Tloc       0%         N/A       89%         3
 Swiftness                Air            0%         N/A       89%         3
 Airstrike                Air            0%         N/A       100%        4
 Fulminant Prism          Conj/Hex       0%         3d6       100%        4
 Ice Form                 Ice/Tmut       0%         N/A       100%        4
 Iskenderun's Mystic Bla  Conj/Tloc      0%         2d3       100%        4
 Leda's Liquefaction      Hex/Erth       0%         N/A       100%        4
 Summon Ice Beast         Ice/Summ       0%         N/A       100%        4
 Bolt of Magma            Conj/Fire/Erth 0%         4d4       100%        5
 Lee's Rapid Deconstruct  Erth           0%         3d5*      100%        5
 Lightning Bolt           Conj/Air       0%         1d11      100%        5
 Manifold Assault         Tloc           0%         N/A       100%        5
 Dispersal                Tloc           0%         N/A       100%        6
 Statue Form              Tmut/Erth      0%         N/A       100%        6
 Spellforged Servitor     Conj/Summ      0%         N/A       100%        7
 Storm Form               Tmut/Air       0%         N/A       100%        7
 Disjunction              Tloc           0%         N/A       100%        8
 Maxwell's Capacitive Co  Air            0%         ∞         100%        8


Dungeon Overview and Level Annotations

Branches:
Dungeon (15/15)            Temple (1/1) D:4            Lair (6/6) D:8
  Swamp (0/4) Lair:3        Snake (1/4) Lair:2        Slime (0/5) Lair:6
    Orc (2/2) D:9             Elf (1/3) Orc:2        Depths (0/5) D:15
Ossuary (visited)
 Vaults: D:13-14

Altars:
Ashenzari
Cheibriados
Dithmenos
Elyvilon
Fedhas
Gozag
Hepliaklqana
Kikubaaqudgha
Makhleb
Nemelex Xobeh
Okawaru
Qazlal
Ru
Sif Muna
Trog
Uskayaw
Vehumet
Wu Jian
Xom
Yredelemnul
Zin
The Shining One
Beogh
Jiyva

Shops:
D:5 *   Orc:2 (*:[

Annotations:
D:3 Grinder
D:4 exclusion: upstairs
D:12 exclusion: ice statue
Lair:4 exclusion: downstairs
Lair:5 exclusion: 2 oklob plants


Innate Abilities, Weirdness & Mutations

((You are quick and stealthy near water. (Stealth+, EV+, Speed+++)))
Your lower body shifts to a powerful aquatic tail in water.


Message History

Elyvilon protects you from harm!
The salamander mystic hits you with a +0 quarterstaff!!
You can no longer call upon Elyvilon for divine vigour.
Elyvilon protects you from harm!
You are engulfed in flames!
Elyvilon protects you from harm!
You feel purified!
The naga warrior no longer looks unusually strong.
The naga warrior spits poison at you. The splash of poison hits you.
You are lethally poisoned!
You resist.
* * * LOW HITPOINT WARNING * * *
The naga warrior constricts you.
* * * LOW HITPOINT WARNING * * *
The naga warrior roars a battlecry!
The naga warrior goes into a battle-frenzy!
The salamander mystic hits you but does no damage.
The naga warrior's grasp on you weakens, but your attempt to escape fails.
Elyvilon protects you from harm!
The naga warrior hits you with a +0 flail.
Elyvilon protects you from harm! The naga warrior constricts you.
Elyvilon protects you from harm! The naga warrior closely misses you.
The naga warrior hits you with a +0 flail.
Elyvilon protects you from harm! The naga warrior constricts you.
Elyvilon protects you from harm!
The naga warrior hits you from afar with a +0 glaive!
Elyvilon protects you from harm!
The salamander mystic barely misses you.
You escape the naga warrior's grasp.
Elyvilon protects you from harm!
The salamander mystic no longer looks unusually strong.
There is a staircase back to the Lair, spattered with blood here.
* * * LOW HITPOINT WARNING * * *
You feel sick.
The naga warrior hits you from afar with a +0 glaive!!
You die...

###### #....# #....#
#....## #.....#
#).N.N##############
#..@N...............
#....#N..##.........
###.))....#........N
####....).....N.....
#...#)##.##.........
#...#..)......#...##
#..........##....##
#....(.....###..###
#.................#


You could see 2 naga warriors, a salamander mystic and a naga (strong).

Vanquished Creatures
  An orc warlord (Orc:1)
  Josephine (Lair:5)
  2 hydras (Lair:5)
  2 ogre magi (Orc:2)
  4 boulder beetles
  3 catoblepae (Lair:6)
  11 two-headed ogres
  A tengu warrior (D:9)
  8 death yaks (Lair:6)
  An orc high priest (Orc:1)
  2 deep trolls (D:9)
  3 orc knights
  2 deep elf pyromancers
  5 cyclopes
  A wolf spider (D:15)
  3 manticores
  2 ugly things
  An elephant (shapeshifter) (D:13)
  3 orc sorcerers
  A salamander (Snake:1)
  A guardian serpent (Snake:1)
  9 black mambas
  2 naga magi (Snake:1)
  2 elephants
  13 cane toads
  7 komodo dragons
  A torpor snail (Lair:5)
  3 rime drakes
  Psyche (D:10)
  A tengu conjurer (D:9)
  12 trolls
  A queen bee (Lair:5)
  2 polar bears
  3 meliai (Lair:5)
  2 tyrant leeches (Lair:3)
  A hornet (shapeshifter) (D:13)
  19 blink frogs
  6 wraiths
  74 yaks
  A spriggan (Lair:2)
  2 wyverns
  A steam dragon (Lair:3)
  7 basilisks
  2 acid dragons
  4 swamp worms (Lair:3)
  3 wargs
  5 nagas (Snake:1)
  25 water moccasins
  34 orc warriors
  4 black bears
  3 sky beasts
  2 ice beasts
  24 ogres
  7 centaurs
  10 wolves (Lair:5)
  9 bullfrogs
  A gnoll sergeant (D:12)
  A scorpion (D:4)
  A water moccasin skeleton (D:4)
  A wyvern skeleton (D:7)
  43 killer bees
  A vampire bat (Lair:2)
  19 wights
  A howler monkey (D:5)
  An electric eel (D:10)
  2 centaur zombies
  A bullfrog zombie (D:6)
  15 orc priests
  A hound (D:5)
  A gnoll shaman (D:10)
  A bullfrog skeleton (D:5)
  3 centaur skeletons
  5 iguanas
  26 orc wizards
  5 hell rats
  A killer bee zombie (D:8)
  3 mummies (Ossuary)
  2 howler monkey zombies
  7 adders
  11 gnolls
  A howler monkey skeleton (D:6)
  A river rat (Lair:5)
  3 adder zombies (Ossuary)
  An adder skeleton (D:4)
  2 worms
  A dart slug (D:4)
  76 orcs
  6 ball pythons
  5 endoplasms
  3 giant cockroaches
  A gnoll zombie (Ossuary)
  4 goblins
  9 hobgoblins
  9 kobolds
  4 quokkas
  14 bats
  2 frilled lizards
  2 goblin zombies (Ossuary)
  A hobgoblin zombie (Ossuary)
  A jackal zombie (D:8)
  4 kobold zombies (Ossuary)
  3 quokka zombies (Ossuary)
  4 rats
  4 rat zombies (Ossuary)
674 creatures vanquished.

Vanquished Creatures (others)
  2 orcs (Orc:1)
  47 fungi
  62 plants
111 creatures vanquished.

Grand Total: 785 creatures vanquished

Notes
Turn   | Place    | Note
-------+----------+-------------------------------------------
     0 | D:1      | fijero the Merfolk Gladiator began the quest for the Orb.
     0 | D:1      | Reached XP level 1. HP: 16/16 MP: 1/1
   725 | D:1      | Reached XP level 2. HP: 22/23 MP: 2/2
   769 | D:1      | Reached skill level 5 in Polearms
   907 | D:1      | Found a faded altar of an unknown god.
   917 | D:1      | Got Plato's Grimoire of the Snowflakes
   921 | D:1      | Learned a level 1 spell: Freeze
  1264 | D:1      | Reached XP level 3. HP: 28/28 MP: 3/3
  1430 | D:2      | Found a snail-covered altar of Cheibriados.
  2149 | D:2      | Reached skill level 6 in Polearms
  2755 | D:3      | Reached XP level 4. HP: 34/34 MP: 4/4
  3203 | D:3      | Noticed Grinder
  3312 | D:3      | Reached skill level 7 in Polearms
  3774 | D:3      | Reached XP level 5. HP: 35/39 MP: 5/5
  3872 | D:3      | Reached skill level 1 in Armour
  4114 | D:3      | Paralysed by Grinder for 5 turns
  4122 | D:3      | Paralysed by Grinder for 2 turns
  4188 | D:4      | Found a staircase to the Ecumenical Temple.
  4247 | Temple   | Entered the Ecumenical Temple
  4540 | Temple   | Became a worshipper of Elyvilon the Healer
  4595 | D:4      | Found an iron altar of Okawaru.
  4673 | Temple   | Reached skill level 8 in Polearms
  4805 | D:4      | Reached XP level 6. HP: 33/46 MP: 6/6
  5019 | D:4      | Noticed a black bear
  5206 | D:4      | Killed a black bear
  5207 | D:4      | Reached skill level 9 in Polearms
  5306 | D:5      | Entered Level 5 of the Dungeon
  5306 | D:5      | Found Moabisam's Assorted Antiques.
  5353 | D:5      | Noticed a sky beast
  5358 | D:5      | Killed a sky beast
  5359 | D:5      | Reached skill level 10 in Polearms
  5359 | D:5      | Reached XP level 7. HP: 51/51 MP: 7/7
  5492 | D:5      | Reached * piety under Elyvilon
  5653 | D:5      | Reached skill level 11 in Polearms
  5765 | D:4      | Reached skill level 12 in Polearms
  6442 | D:5      | Reached XP level 8. HP: 57/57 MP: 8/8
  6630 | D:5      | Reached skill level 13 in Polearms
  6836 | D:6      | Reached ** piety under Elyvilon
  7189 | D:6      | Reached skill level 14 in Polearms
  7433 | D:6      | Reached skill level 1 in Invocations
  7646 | D:6      | Noticed a troll
  8194 | D:6      | Reached skill level 1 in Stealth
  8214 | D:6      | Reached skill level 5 in Dodging
  8214 | D:6      | Reached XP level 9. HP: 48/64 MP: 9/9
  8765 | D:7      | Reached skill level 15 in Polearms
  8808 | D:7      | Found an opulent altar of Gozag.
  8808 | D:7      | Found a sparkling altar of Nemelex Xobeh.
  8923 | D:7      | Reached *** piety under Elyvilon
  8928 | D:7      | Found a radiant altar of Vehumet.
  9178 | D:8      | Noticed a two-headed ogre
  9337 | D:8      | Found a sand-covered staircase.
  9348 | Ossuary  | Entered an ossuary
  9757 | D:8      | Reached skill level 5 in Fighting
  9771 | D:8      | Reached XP level 10. HP: 32/74 MP: 10/10
  9782 | D:8      | Reached skill level 16 in Polearms
  9937 | D:8      | Killed a two-headed ogre
  9938 | D:8      | Reached skill level 5 in Stealth
 10108 | D:8      | Found a staircase to the Lair.
 10161 | D:8      | Reached skill level 1 in Axes
 10252 | D:8      | Reached **** piety under Elyvilon
 11121 | Lair:1   | Entered Level 1 of the Lair of Beasts
 11171 | Lair:1   | Noticed a cane toad
 11213 | D:9      | Identified the +2 helmet "Lutemmorikk" {Rampage}
 11248 | D:9      | Noticed a two-headed ogre
 11274 | D:9      | Killed a two-headed ogre
 11340 | D:9      | Found a staircase to the Orcish Mines.
 11396 | D:9      | Noticed a tengu warrior
 12028 | D:9      | Killed a tengu warrior
 12029 | D:9      | Reached skill level 5 in Invocations
 12122 | D:9      | Reached XP level 11. HP: 79/83 MP: 14/14
 12285 | D:9      | Reached ***** piety under Elyvilon
 12456 | Orc:1    | Entered Level 1 of the Orcish Mines
 12831 | Orc:1    | Noticed an orc knight
 12876 | Orc:1    | Noticed an orc sorcerer
 13086 | Orc:1    | Killed an orc sorcerer
 13673 | Orc:1    | Noticed an orc knight
 13673 | Orc:1    | Noticed an orc sorcerer
 13688 | Orc:1    | Killed an orc sorcerer
 13744 | Orc:1    | Noticed an orc warlord
 13804 | D:9      | Killed an orc knight
 14030 | Orc:1    | Killed an orc warlord
 14545 | Orc:1    | Killed an orc knight
 14936 | Orc:2    | Entered Level 2 of the Orcish Mines
 14946 | Orc:2    | Noticed an orc knight
 15111 | Orc:2    | Noticed a two-headed ogre
 15330 | Orc:2    | Noticed a deep troll
 15346 | Orc:2    | Noticed a deep troll
 15346 | Orc:2    | Noticed an ogre mage
 15346 | Orc:2    | Noticed a two-headed ogre
 15553 | D:10     | Entered Level 10 of the Dungeon
 15577 | D:10     | Noticed Psyche
 15603 | D:10     | Killed Psyche
 16133 | D:10     | Noticed a white ugly thing
 16267 | D:10     | Found a large runed translucent door.
 16267 | D:10     | Found a large runed translucent door.
 16327 | D:10     | Reached XP level 12. HP: 87/92 MP: 18/18
 16342 | D:10     | Found an ornate altar of the Wu Jian Council.
 16352 | D:10     | Found a glowing silver altar of Zin.
 16400 | D:10     | Reached skill level 10 in Dodging
 16651 | D:10     | You fall into a shaft and drop 1 floor!
 17108 | D:11     | Noticed a two-headed ogre
 17118 | D:11     | Noticed a boulder beetle
 17138 | D:11     | Killed a boulder beetle
 17166 | D:11     | Killed a two-headed ogre
 18346 | D:12     | Noticed a boulder beetle
 18367 | D:12     | Killed a boulder beetle
 18906 | D:12     | Reached ****** piety under Elyvilon
 18906 | D:12     | You fall into a shaft and drop 3 floors!
 18906 | D:15     | Entered Level 15 of the Dungeon
 18921 | D:15     | Noticed a centaur warrior
 18982 | D:13     | Paralysed by a hornet for 2 turns
 19723 | D:12     | Reached skill level 5 in Axes
 20019 | D:13     | Noticed a boulder beetle
 20029 | D:13     | Killed a boulder beetle
 20030 | D:13     | Reached skill level 10 in Invocations
 20174 | D:13     | Got the Grimoire of Earth and Creation
 20619 | D:13     | Noticed a tengu warrior
 20731 | D:13     | Noticed a four-headed hydra
 20850 | D:9      | Reached XP level 13. HP: 38/101 MP: 20/20
 22120 | Orc:2    | Found Rifyduy's Book Shoppe.
 23089 | Orc:2    | Found Wayllapp's Antique Armour Shop.
 23861 | Orc:1    | Reached skill level 10 in Stealth
 24025 | Orc:2    | Reached skill level 10 in Fighting
 24028 | Orc:2    | Found Adutaife's General Store.
 24029 | Orc:2    | Found Wecuzorph's Weapon Boutique.
 24056 | Orc:2    | Bought a potion of might for 68 gold pieces
 24056 | Orc:2    | Bought a scroll of fog for 34 gold pieces
 24056 | Orc:2    | Bought a scroll of teleportation for 51 gold pieces
 24056 | Orc:2    | Bought a +1 cloak for 195 gold pieces
 24465 | Orc:2    | Found a staircase to the Elven Halls.
 24735 | Elf:1    | Entered Level 1 of the Elven Halls
 25424 | Lair:1   | Reached XP level 14. HP: 92/111 MP: 23/23
 26357 | Lair:2   | Found a staircase to the Snake Pit.
 26984 | Lair:2   | Identified a scroll of acquirement
 28117 | Lair:3   | Found a gate leading to a gauntlet.
 28410 | Lair:3   | Found a staircase to the Swamp.
 31677 | Lair:5   | Noticed Josephine
 31697 | Lair:5   | Killed Josephine
 32212 | Lair:5   | Reached XP level 15. HP: 91/120 MP: 24/24
 32811 | Lair:6   | Entered Level 6 of the Lair of Beasts
 33240 | Lair:6   | Found a viscous altar of Jiyva.
 33240 | Lair:6   | Found a staircase to the Slime Pits.
 34849 | Lair:6   | Upgraded the game from 0.27.1-1-g398f81649c to
                  | 0.27.1-2-g3b301248ec
 34921 | Snake:1  | Entered Level 1 of the Snake Pit
 35553 | Snake:1  | HP: 5/122 [naga warrior (14)]
 35553 | Snake:1  | Elyvilon protects you from harm!
 35553 | Snake:1  | Elyvilon protects you from harm!
 35553 | Snake:1  | Elyvilon protects you from harm!
 35554 | Snake:1  | HP: 1/122 [constriction (2)]
 35555 | Snake:1  | Elyvilon protects you from harm!
 35555 | Snake:1  | Elyvilon protects you from harm!
 35555 | Snake:1  | Elyvilon protects you from harm!
 35555 | Snake:1  | Elyvilon protects you from harm!
 35555 | Snake:1  | Elyvilon protects you from harm!
 35555 | Snake:1  | Elyvilon protects you from harm!
 35556 | Snake:1  | Elyvilon protects you from harm!
 35557 | Snake:1  | Annihilated by a naga warrior

Illustrated notes

Levels and vault maps discovered:
D:1:      psy_arrival_conway, layout_loops_ring,
          shapermc_ecumenical_altar_rom_forum, dk_noncrumbling_2,
          minmay_box_of_dots
D:2:      layout_basic, basic_altar, minivault_24
D:3:      layout_basic, serial_rivers, chequers_serial_rivers_room_b,
          chequers_serial_rivers_room_b, chequers_serial_rivers_marsh,
          chequers_serial_rivers_room_a, chequers_serial_rivers_small_b,
          st_stairs_11, uniq_grinder
D:4:      layout_gridville, lemuel_round_altar,
          minmay_temple_entry_drinking_statues
D:5:      layout_basic, nicolae_stop_n_shop_2
D:6:      layout_rooms
D:7:      layout_loops_ring, grunt_temple_overflow_opulence,
          nicolae_vehumet_radiance, minmay_misc_feat_tower,
          minmay_misc_feat_chi, chequers_serial_rivers_large_b
D:8:      layout_basic, lair_entry_dummy, enter_ossuary_3,
          nicolae_zen_rock_garden
D:9:      layout_small_grid, orc_0_dummy, chequers_serial_rivers_small_a
D:10:     layout_basic, jmf_multi_god_temple2, serial_bayou_ford_a, uniq_psyche
D:11:     layout_irregular_city
D:12:     layout_gridville, special_room [special_room_orc], minivault_15,
          nrook_campfire
D:13:     evilmike_halls_of_destruction, layout_loops_ring
D:14:     layout_irregular_city, david_vaults_3, tso_metal_star,
          minmay_nine_imps, uniq_frances
D:15:     gammafunk_enter_depths_forms, layout_irregular_city, serial_rivers,
          chequers_serial_rivers_small_3, chequers_serial_rivers_micro_c,
          chequers_serial_rivers_micro_b, chequers_serial_rivers_large_a,
          chequers_serial_rivers_micro_b, chequers_serial_rivers_room_a,
          st_stairs_6
Temple:   nicolae_temple_elliptical
Lair:1:   layout_hall_layers
Lair:2:   layout_layer_cave, minmay_snake_entry_six_corridors, roderic_batcave,
          grunt_forest_large_clearing_hut, infiniplex_staircase_pool_2
Lair:3:   layout_regular_city, minmay_swamp_entry_worms, gauntlet_entry_generic,
          minmay_stone_trees_small, st_stairs_4
Lair:4:   layout_regular_city, infiniplex_staircase_pool
Lair:5:   hangedman_what_comes_after_a, layout_concentric_octagons,
          uniq_josephine, uniq_urug
Lair:6:   evilmike_catoblepas_cave, layout_cave_pods,
          dpeg_slime_entry_enclosed_altar
Snake:1:  layout_rooms
Orc:1:    layout_caves, basic_altar, nicolae_orc_pool_cavern,
          nicolae_orc_damp_corner
Orc:2:    st_orc_open, layout_caves, basic_altar
Elf:1:    elf_arrival_002, layout_loops_ring, serial_shops,
          nicolae_shop_window_shopping, gammafunk_ghost_wrathful_warriors,
          orc_legates, nicolae_shop_overcharged_wands, uniq_jorgrun

Skill      XL: |  1  2  3  4  5  6  7  8  9 10 11 12 13 14 15 |
---------------+----------------------------------------------+-----
Polearms       | 5 6 7 8 10 12 14 15 16 | 16.0
Armour         | 1 |  1.0
Fighting       | 3 5 6 7 9 10 11 12 | 12.5
Invocations    | 1 5 8 10 12 13 | 13.3
Stealth        | 1 4 6 7 9 10 12 13 | 13.0
Dodging        | 5 7 8 9 11 12 13 14 | 14.7
Axes           | 2 4 5 6 7 8 |  8.2
Throwing       | |  2.0

Action                   |  1- 3 |  4- 6 |  7- 9 | 10-12 | 13-15 || total
-------------------------+-------+-------+-------+-------+-------++-------
Melee: Trident           |    79 |       |       |   215 |    22 ||   316
       Halberd           |    22 |   120 |   338 |   494 |  1419 ||  2393
       Tailslap          |       |     2 |       |     1 |       ||     3
       War axe           |       |       |       |    23 |    51 ||    74
       Spear             |       |       |       |     2 |       ||     2
 Fire: Hunting sling     |     2 |       |       |       |       ||     2
Throw: Stone             |    31 |    12 |     5 |     7 |       ||    55
       Dart              |       |     2 |    12 |    28 |    10 ||    52
       Boomerang         |       |       |       |    42 |    53 ||    95
Invok: Lesser Healing    |       |       |     3 |     2 |     1 ||     6
       Greater Healing   |       |       |       |     9 |    18 ||    27
       Purification      |       |       |       |     1 |     1 ||     2
       Divine Vigour     |       |       |       |       |     3 ||     3
       Divine Protection |       |       |       |       |     1 ||     1
Evoke: Wand              |       |       |     1 |    13 |     5 ||    19
  Use: Scroll            |       |     2 |    15 |    12 |     9 ||    38
       Potion            |       |       |       |     1 |     3 ||     4
 Stab: Sleeping          |       |     2 |     1 |    10 |    17 ||    30
       Distracted        |       |       |       |     1 |     4 ||     5
Armor: Ring mail         |    24 |     3 |    40 |   151 |   410 ||   628
       Leather armour    |     1 |    23 |    25 |       |       ||    49
Dodge: Dodged            |    64 |    77 |   170 |   446 |  1199 ||  1956
